PL
BUCKHEAD BOWTIES @ BOSTON PATRIOTS
07/18/2023
 
TOP OF THE 1ST
Buckhead Bowties batting - Pitching for Boston Patriots : LHP Bryan Houston
Pitching: LHP Bryan Houston
Batting: RHB Phil Baker 0-0: Ball
1-0: Ball
2-0: Swinging Strike
2-1: SINGLE (Flyball, 8RS)
Batting: LHB Neil Lawson 0-0: Fly out, F8 (Flyball, 8LD)
Batting: RHB Enrique Marroquín 0-0: Swinging Strike
0-1: Ball
1-1: Ball
2-1: Fielders Choice at 2nd, 1-6 (Groundball, 13S)
Batting: RHB Gabriel Rodríguez 0-0: Called Strike
0-1: Ball
1-1: Ball
2-1: Ball
3-1: Swinging Strike
3-2: Strikes out looking
Top of the 1st over - 0 run(s), 1 hit(s), 0 error(s), 1 left on base; Buckhead 0 - Boston 0
BOTTOM OF THE 1ST
Boston Patriots batting - Pitching for Buckhead Bowties : RHP Kirby Brown
Pitching: RHP Kirby Brown
Batting: RHB Tamasaburo Kato 0-0: Ball
1-0: Foul Ball, location: 2F
1-1: Ball
2-1: Ground out 4-3 (Groundball, 4)
Batting: LHB Bill Chambers 0-0: Ball
1-0: Swinging Strike
1-1: Foul Ball, location: 2F
1-2: Strikes out swinging
Batting: RHB Wilfred McLaughlin 0-0: Ball
1-0: SINGLE (Groundball, 56D)
Batting: RHB Tommy Jones 0-0: Foul Ball, location: 2F
0-1: Ball
1-1: Ball
Wilfred McLaughlin steals 2nd base
2-1: Foul Ball, location: 2F
2-2: Ground out 6-3 (Groundball, 6M)
Bottom of the 1st over - 0 run(s), 1 hit(s), 0 error(s), 1 left on base; Buckhead 0 - Boston 0
TOP OF THE 2ND
Buckhead Bowties batting - Pitching for Boston Patriots : LHP Bryan Houston
Batting: LHB Tony Martínez 0-0: Ball
1-0: Ball
2-0: Foul Ball, location: 2F
2-1: Ground out U3 (Groundball, 3S)
Batting: RHB Pedro Morales 0-0: SINGLE (Groundball, 6D)
Batting: RHB Won-min Yi 0-0: Ball
1-0: Called Strike
1-1: Fly out, F7 (Flyball, 7S)
Batting: RHB Aaron Phillips 0-0: Ball
1-0: Hit by Pitch
Pedro Morales to second
Batting: RHB Greg Robinson 0-0: Called Strike
0-1: Ball
1-1: Foul Ball, location: 2F
1-2: Ground out 5-3 (Groundball, 5L)
Top of the 2nd over - 0 run(s), 1 hit(s), 0 error(s), 2 left on base; Buckhead 0 - Boston 0
BOTTOM OF THE 2ND
Boston Patriots batting - Pitching for Buckhead Bowties : RHP Kirby Brown
Batting: RHB Karl Schultz 0-0: Ball
1-0: Swinging Strike
1-1: SINGLE (Groundball, 6MD)
Batting: RHB Terry Armstrong 0-0: Ball
1-0: Foul Ball, location: 2F
1-1: Ground out 5-3 (Groundball, 5S)
Karl Schultz to second
Batting: LHB Luis Velázquez 0-0: Ball
1-0: Ground out 1-3 (Groundball, 13)
Karl Schultz to third
Batting: RHB Enrique Pérez 0-0: Ball
1-0: Ball
2-0: Ball
3-0: Called Strike
3-1: Foul Ball, location: 2F
3-2: Base on Balls
Batting: RHB John MacGregor 0-0: Called Strike
0-1: Swinging Strike
0-2: Ball
1-2: Strikes out looking
Bottom of the 2nd over - 0 run(s), 1 hit(s), 0 error(s), 2 left on base; Buckhead 0 - Boston 0
TOP OF THE 3RD
Buckhead Bowties batting - Pitching for Boston Patriots : LHP Bryan Houston
Batting: RHB Phil Baker 0-0: Ball
1-0: Foul Ball, location: 2F
1-1: Called Strike
1-2: Ball
2-2: Fly out, F9 (Flyball, 9LMF)
Batting: LHB Neil Lawson 0-0: Foul Ball, location: 2F
0-1: Foul Ball, location: 2F
0-2: Ball
1-2: Strikes out looking
Batting: RHB Enrique Marroquín 0-0: DOUBLE (Flyball, 78XD)
Batting: RHB Gabriel Rodríguez 0-0: Swinging Strike
0-1: Hit by Pitch
Batting: LHB Tony Martínez 0-0: Ball
1-0: Foul Ball, location: 2F
1-1: Swinging Strike
1-2: Ball
2-2: Strikes out looking
Top of the 3rd over - 0 run(s), 1 hit(s), 0 error(s), 2 left on base; Buckhead 0 - Boston 0
BOTTOM OF THE 3RD
Boston Patriots batting - Pitching for Buckhead Bowties : RHP Kirby Brown
Batting: RHB Tamasaburo Kato 0-0: Ball
1-0: Ball
2-0: Ball
3-0: Base on Balls
Batting: LHB Bill Chambers 0-0: Fielders Choice at 2nd, 5-4 (Groundball, 56)
Batting: RHB Wilfred McLaughlin 0-0: Ball
1-0: Swinging Strike
1-1: Swinging Strike
1-2: Strikes out swinging
Batting: RHB Tommy Jones 0-0: Called Strike
0-1: Ball
1-1: Ball
2-1: SINGLE (Groundball, 13) (infield hit)
Bill Chambers to second
Batting: RHB Karl Schultz 0-0: Ball
1-0: Swinging Strike
1-1: Foul Ball, location: 2F
1-2: Ball
2-2: Ground out 2-3 (Groundball, 15S)
Bottom of the 3rd over - 0 run(s), 1 hit(s), 0 error(s), 2 left on base; Buckhead 0 - Boston 0
TOP OF THE 4TH
Buckhead Bowties batting - Pitching for Boston Patriots : LHP Bryan Houston
Batting: RHB Pedro Morales 0-0: Swinging Strike
0-1: Ball
1-1: Fly out, F8 (Flyball, 8LS)
Batting: RHB Won-min Yi 0-0: Called Strike
0-1: Ball
1-1: Ball
2-1: Ball
3-1: Foul Ball, location: 2F
3-2: Base on Balls
Batting: RHB Aaron Phillips 0-0: Foul Ball, location: 2F
0-1: Fly out, F1 (Popup, 15S)
Batting: RHB Greg Robinson 0-0: Ball
1-0: Swinging Strike
1-1: Ball
2-1: SINGLE (Line Drive, 7S)
Won-min Yi to second
Runner from 2nd tries for 3rd, SAFE, no throw or cutoff
Batting: RHB Phil Baker 0-0: Foul Ball, location: 2F
0-1: Ball
1-1: Ball
2-1: Called Strike
2-2: Foul Ball, location: 2F
2-2: DOUBLE (Line Drive, 8RM)
Won-min Yi scores
Greg Robinson to third
Batting: LHB Neil Lawson 0-0: Ground out 4-3 (Groundball, 34)
Top of the 4th over - 1 run(s), 2 hit(s), 0 error(s), 2 left on base; Buckhead 1 - Boston 0
BOTTOM OF THE 4TH
Boston Patriots batting - Pitching for Buckhead Bowties : RHP Kirby Brown
Batting: RHB Terry Armstrong 0-0: Ground out 4-3 (Groundball, 4)
Batting: LHB Luis Velázquez 0-0: Ball
1-0: Ball
2-0: Ball
3-0: Base on Balls
Batting: RHB Enrique Pérez 0-0: Called Strike
0-1: Fly out, F4 (Line Drive, 4)
Batting: RHB John MacGregor 0-0: Fly out, F6 (Popup, 8LS)
Bottom of the 4th over - 0 run(s), 0 hit(s), 0 error(s), 1 left on base; Buckhead 1 - Boston 0
TOP OF THE 5TH
Buckhead Bowties batting - Pitching for Boston Patriots : LHP Bryan Houston
Batting: RHB Enrique Marroquín 0-0: Called Strike
0-1: Ball
1-1: Foul Ball, location: 2F
1-2: Ball
2-2: Ball
3-2: Base on Balls
Batting: RHB Gabriel Rodríguez 0-0: Swinging Strike
0-1: Ball
1-1: Swinging Strike
1-2: Ball
2-2: Grounds into double play, 4-6-3 (Groundball, 4)
Batting: LHB Tony Martínez 0-0: Ball
1-0: Ball
2-0: Called Strike
2-1: Ground out 4-3 (Groundball, 4)
Top of the 5th over - 0 run(s), 0 hit(s), 0 error(s), 0 left on base; Buckhead 1 - Boston 0
BOTTOM OF THE 5TH
Boston Patriots batting - Pitching for Buckhead Bowties : RHP Kirby Brown
Batting: RHB Tamasaburo Kato 0-0: Fly out, F7 (Flyball, 7LD)
Batting: LHB Bill Chambers 0-0: Called Strike
0-1: Ball
1-1: Called Strike
1-2: Ground out U3 (Groundball, 3S)
Batting: RHB Wilfred McLaughlin 0-0: Swinging Strike
0-1: Foul Ball, location: 2F
0-2: Foul Ball, location: 2F
0-2: Ball
1-2: SINGLE (Line Drive, 9LS)
Batting: RHB Tommy Jones 0-0: Fly out, F4 (Popup, 4)
Bottom of the 5th over - 0 run(s), 1 hit(s), 0 error(s), 1 left on base; Buckhead 1 - Boston 0
TOP OF THE 6TH
Buckhead Bowties batting - Pitching for Boston Patriots : LHP Bryan Houston
Batting: RHB Pedro Morales 0-0: Fly out, F8 (Flyball, 89D)
Batting: RHB Won-min Yi 0-0: Called Strike
0-1: Called Strike
0-2: Ball
1-2: Strikes out looking
Batting: RHB Aaron Phillips 0-0: Swinging Strike
0-1: Swinging Strike
0-2: Ball
1-2: Strikes out swinging
Top of the 6th over - 0 run(s), 0 hit(s), 0 error(s), 0 left on base; Buckhead 1 - Boston 0
BOTTOM OF THE 6TH
Boston Patriots batting - Pitching for Buckhead Bowties : RHP Kirby Brown
Batting: RHB Karl Schultz 0-0: Ball
1-0: Swinging Strike
1-1: Foul Ball, location: 2F
1-2: Foul Ball, location: 2F
1-2: Ball
2-2: Ground out 5-3 (Groundball, 5S)
Batting: RHB Terry Armstrong 0-0: Called Strike
0-1: Ground out 6-3 (Groundball, 6M)
Batting: LHB Luis Velázquez 0-0: Ball
1-0: Ball
2-0: Ground out 4-3 (Groundball, 4)
Bottom of the 6th over - 0 run(s), 0 hit(s), 0 error(s), 0 left on base; Buckhead 1 - Boston 0
TOP OF THE 7TH
Buckhead Bowties batting - Pitching for Boston Patriots : LHP Bryan Houston
Batting: RHB Greg Robinson 0-0: Fly out, F7 (Flyball, 7S)
Batting: RHB Phil Baker 0-0: Ball
1-0: Ball
2-0: Ball
3-0: Base on Balls
Batting: LHB Neil Lawson 0-0: Ball
1-0: Swinging Strike
1-1: Foul Ball, location: 2F
1-2: Ball
2-2: SINGLE (Line Drive, 56)
Phil Baker to second
Pitching: RHP Robinson Gonzáles
Batting: RHB Enrique Marroquín 0-0: Called Strike
0-1: Foul Ball, location: 2F
0-2: Ball
1-2: Foul Ball, location: 2F
1-2: Grounds into double play, 6-4-3 (Groundball, 6)
Top of the 7th over - 0 run(s), 1 hit(s), 0 error(s), 1 left on base; Buckhead 1 - Boston 0
BOTTOM OF THE 7TH
Boston Patriots batting - Pitching for Buckhead Bowties : RHP Kirby Brown
Batting: RHB Enrique Pérez 0-0: Foul Ball, location: 2F
0-1: Ball
1-1: Ground out 6-3 (Groundball, 6)
Batting: RHB John MacGregor 0-0: Called Strike
0-1: Swinging Strike
0-2: Ball
1-2: Ball
2-2: Ball
3-2: Strikes out swinging
Batting: RHB Tamasaburo Kato 0-0: Ball
1-0: Called Strike
1-1: Ball
2-1: SINGLE (Groundball, 6MD)
Batting: LHB Bill Chambers 0-0: Ground out 1-3 (Groundball, 15)
Bottom of the 7th over - 0 run(s), 1 hit(s), 0 error(s), 1 left on base; Buckhead 1 - Boston 0
TOP OF THE 8TH
Buckhead Bowties batting - Pitching for Boston Patriots : RHP Robinson Gonzáles
Batting: RHB Gabriel Rodríguez 0-0: Foul Ball, location: 2F
0-1: Ball
1-1: Fly out, F9 (Flyball, 89XD)
Batting: LHB Tony Martínez 0-0: Swinging Strike
0-1: Ball
1-1: Swinging Strike
1-2: Foul Ball, location: 2F
1-2: Foul Ball, location: 2F
1-2: SINGLE (Groundball, 3D)
Batting: RHB Pedro Morales 0-0: Called Strike
0-1: Ball
1-1: Grounds into double play, 6-4-3 (Groundball, 6M)
Top of the 8th over - 0 run(s), 1 hit(s), 0 error(s), 0 left on base; Buckhead 1 - Boston 0
BOTTOM OF THE 8TH
Boston Patriots batting - Pitching for Buckhead Bowties : RHP Kirby Brown
Batting: RHB Wilfred McLaughlin 0-0: Ground out 6-3 (Groundball, 6)
Batting: RHB Tommy Jones 0-0: Ground out 5-3 (Groundball, 5S)
Batting: RHB Karl Schultz 0-0: Ball
1-0: Ball
2-0: Ball
3-0: Called Strike
3-1: Foul Ball, location: 2F
3-2: Base on Balls
Pitching: RHP Akihiko Rin
Batting: RHB Terry Armstrong 0-0: Ball
1-0: Called Strike
1-1: Swinging Strike
1-2: Ball
2-2: Foul Ball, location: 2F
2-2: Strikes out looking
Bottom of the 8th over - 0 run(s), 0 hit(s), 0 error(s), 1 left on base; Buckhead 1 - Boston 0
TOP OF THE 9TH
Buckhead Bowties batting - Pitching for Boston Patriots : RHP Robinson Gonzáles
Batting: RHB Won-min Yi 0-0: Called Strike
0-1: Called Strike
0-2: Ball
1-2: Ball
2-2: Strikes out swinging
Batting: RHB Aaron Phillips 0-0: Called Strike
0-1: Ball
1-1: SOLO HOME RUN (Flyball, 8LXD), Distance : 440 ft
Batting: RHB Greg Robinson 0-0: Ball
1-0: Ball
2-0: Called Strike
2-1: Foul Ball, location: 2F
2-2: SINGLE (Line Drive, 7S)
Batting: RHB Phil Baker 0-0: Grounds into double play, 5-4-3 (Groundball, 5)
Top of the 9th over - 1 run(s), 2 hit(s), 0 error(s), 0 left on base; Buckhead 2 - Boston 0
BOTTOM OF THE 9TH
Boston Patriots batting - Pitching for Buckhead Bowties : RHP Akihiko Rin
Pitching: LHP Chris Rogers
Batting: LHB Luis Velázquez 0-0: Called Strike
0-1: Ball
1-1: Called Strike
1-2: Fly out, F7 (Flyball, 7M)
Batting: RHB Enrique Pérez 0-0: Ball
1-0: Called Strike
1-1: Ball
2-1: Ball
3-1: Base on Balls
Batting: RHB John MacGregor 0-0: Fly out, F7 (Flyball, 7D)
Batting: RHB Tamasaburo Kato 0-0: Called Strike
0-1: Foul Ball, location: 2F
0-2: Fly out, F8 (Flyball, 8RM)
Bottom of the 9th over - 0 run(s), 0 hit(s), 0 error(s), 1 left on base; Buckhead 2 - Boston 0
This league is powered by Out of the Park Baseball, the baseball management simulation game for PC, Mac and Linux
Friday, July 8th, 2016 - OOTP Baseball 16.9 Build 39